Map: Dusk Towers

Players

Mnt - Winner!

  • Race: Terran Terran
  • League: Master

Miszu

  • Race: Zerg Zerg
  • League: Master

VOD

Have the link to the VOD?

Description

Time

  • Played on: June 27, 2016, 1:44 p.m.
  • Length: 16:24
Show
View Real Time Build Order
Export as new Build Order

Mnt Terran - Winner!

Build Orders: Reaper Expand, Bio Tank 

Get SALT Encoding   

  12  0:00  SCV  
  13  0:13  SCV  
  14  0:17  Supply Depot  
  14  0:25  SCV  
  15  0:39  Barracks, SCV  
  16  0:44  Refinery  
  16  0:51  SCV  
  17  1:03  SCV  
  18  1:15  SCV  
  19  1:27  Reaper, Orbital Command  
  20  1:40  Command Center  
  20  1:50  Supply Depot  
  20  1:54  SCV  
  21  2:04  Barracks Reactor  
  21  2:06  SCV  
  22  2:18  SCV  
  22  2:22  Factory  
  23  2:32  SCV  
  24  2:42  Marine x2, Command Center  
  26  2:47  SCV  
  27  2:54  Orbital Command  
  27  2:59  Refinery  
  27  3:00  SCV  
  27  3:05  Marine x2  
  29  3:07  Factory Tech Lab  
  29  3:12  SCV  
  31  3:22  SCV  
  31  3:23  Marine x2  
  31  3:24  SCV  
  35  3:31  Siege Tank  
  37  3:34  SCV  
  37  3:36  SCV  
  37  3:41  Marine x2  
  40  3:46  SCV  
  42  3:49  SCV  
  42  3:54  Orbital Command  
  43  3:58  Engineering Bay, Marine, SCV  
  43  3:59  Marine  
  43  4:00  Engineering Bay  
  46  4:03  Siege Tank  
  46  4:06  SCV  
  50  4:13  SCV  
  50  4:16  Marine x2  
  53  4:19  SCV  
  54  4:24  SCV  
  54  4:25  SCV  
  54  4:27  Terran Infantry Weapons Level 1, Terran Infantry Armor Level 1  
  57  4:31  Supply Depot, SCV  
  57  4:33  Supply Depot  
  57  4:36  SCV  
  60  4:41  SCV  
  59  4:46  SCV  
  59  4:47  Barracks  
  59  4:50  Barracks, Factory Tech Lab  
  59  4:52  Refinery  
  60  4:53  Starport, Refinery  
  60  4:55  Marine  
  60  4:56  SCV  
  60  4:57  SCV  
  60  4:59  SCV  
  64  5:04  Supply Depot  
  64  5:08  SCV  
  64  5:09  SCV  
  64  5:10  Supply Depot  
  64  5:11  Stimpack  
  64  5:12  SCV  
  67  5:14  Marine  
  67  5:20  SCV  
  69  5:21  SCV  
  69  5:24  SCV  
  69  5:27  Barracks  
  71  5:28  Barracks  
  71  5:29  Siege Tank  
  71  5:33  SCV  
  75  5:35  Supply Depot  
  75  5:36  Starport Reactor  
  75  5:40  Marine x2  
  75  5:41  Armory  
  75  5:42  Barracks Reactor  
  77  5:48  Marine, Orbital Command  
  78  5:52  SCV  
  78  5:54  Supply Depot  
  79  5:59  Marine x2  
  79  6:01  SCV  
  79  6:03  Siege Tank  
  85  6:06  Marine, SCV  
  87  6:13  SCV  
  87  6:14  Command Center, SCV  
  87  6:18  SCV  
  90  6:20  Marine x4  
  90  6:21  Barracks Reactor x2  
  90  6:25  SCV  
  95  6:29  Terran Infantry Weapons Level 2  
  95  6:33  SCV x2  
  95  6:36  Marine  
  95  6:38  Siege Tank  
  101  6:40  Marine x2, SCV  
  101  6:41  Marine x2  
  101  6:45  SCV  
  101  6:46  Terran Infantry Armor Level 2  
  106  6:49  SCV  
  106  6:50  Refinery  
  106  6:52  Refinery  
  106  6:53  Supply Depot  
  107  6:55  Supply Depot  
  107  6:57  Supply Depot  
  107  7:01  Supply Depot, Terran Vehicle Weapons Level 1  
  107  7:04  SCV  
  107  7:05  SCV  
  109  7:14  Marine x7, SCV  
  117  7:16  Marine x2  
  117  7:17  SCV  
  117  7:20  Supply Depot  
  117  7:21  Supply Depot, Medivac  
  117  7:22  Medivac  
  124  7:25  Siege Tank  
  124  7:26  Combat Shields  
  127  7:33  Orbital Command  
  127  7:34  Marine  
  127  7:35  Marine x6  
  127  7:36  Marine x2  
  136  7:41  Supply Depot  
  136  7:51  Medivac x2  
  136  7:52  Barracks x3  
  136  7:53  Marine  
  136  7:54  Marine x3  
  136  7:56  Marine x3  
  147  8:05  Marine x2  
  147  8:07  Siege Tank  
  147  8:11  Marine x3  
  153  8:13  Marine  
  153  8:14  Marine x3  
  153  8:21  Medivac x2  
  153  8:24  Marine x2  
  159  8:29  Marine  
  159  8:32  Supply Depot  
  159  8:33  Supply Depot, Marine x2  
  162  8:36  Marine  
  162  8:37  Marine x3  
  166  8:44  Barracks Tech Lab, Orbital Command  
  166  8:45  Barracks Tech Lab x2  
  166  8:46  Marine  
  166  8:47  Siege Tank  
  169  8:53  Factory  
  169  8:54  Terran Infantry Weapons Level 3  
  169  8:55  Barracks  
  169  8:56  Barracks x2  
  169  9:00  Marine x6  
  175  9:09  Terran Infantry Armor Level 3  
  175  9:11  Marine  
  175  9:12  Marine  
  175  9:13  Marauder  
  179  9:23  Marauder x2  
  182  9:31  Marauder  
  178  9:41  Marauder, Orbital Command  
  178  9:45  Marauder  
  172  9:53  Factory Tech Lab  
  172  9:54  Barracks Reactor x2  
  172  9:55  Barracks Tech Lab  
  172  9:56  Marauder x2  
  176  10:05  Marauder  
  176  10:06  Marauder  
  180  10:07  Siege Tank  
  180  10:09  Marine x8  
  180  10:11  Terran Vehicle Weapons Level 2  
  191  10:17  Marine  
  191  10:18  Marauder  
  193  10:26  Marine  
  193  10:27  Marauder  
  196  10:41  Marine  
  196  10:44  Marine x2  
  196  10:45  Marine x3  
  196  10:46  Marine  
  196  10:47  Marine x5  
  196  10:49  Marauder x2  
  196  10:50  Marauder  
  196  10:51  Marine x2  
  154  10:57  Thor x2  
  154  10:59  Marine  
  167  11:09  Marauder  
  167  11:10  Marauder x2  
  167  11:11  Marauder  
  175  11:13  Marine  
  175  11:14  Marauder  
  175  11:17  Marine x3  
  181  11:18  Marine  
  182  11:31  Marauder x2  
  176  11:33  Marine  
  176  11:34  Marine x5, Marauder  
  160  11:47  Marine  
  160  11:48  Marauder  
  160  11:54  Thor  
  153  11:58  Marine  
  153  11:59  Marine x5, Marauder  
  153  12:00  Marauder x2  
  170  12:02  Thor  
  176  12:13  Marauder  
  176  12:14  Marauder  
  176  12:15  Marine  
  181  12:21  Marauder x2  
  185  12:33  Marine x5  
  185  12:34  Marine x5  
  195  12:51  Command Center  
  195  12:57  Marine, Medivac x2, Marauder  
  184  13:01  Marine  
  184  13:02  Marauder  
  148  13:14  Thor  
  148  13:15  Thor  
  148  13:16  Marauder x2  
  148  13:18  Marauder x2  
  168  13:25  Marine  
  168  13:26  Marauder  
  171  13:33  Marine  
  168  13:37  Marauder  
  161  13:44  Marine  
  161  13:45  Marauder  
  158  13:51  Marine  
  158  13:52  Marine, Marauder  
  158  13:53  Marine x7  
  158  13:54  Marauder  
  162  13:57  Thor x2  
  162  14:01  Marine, Marauder  
  167  14:17  Liberator x2  
  167  14:18  Marine x12  
  179  14:36  Marauder  
  179  14:37  Marauder  
  189  14:40  Thor  
  195  14:49  Marauder x2  
  199  15:11  Planetary Fortress  
  196  15:32  Thor  
  196  15:34  Marine  
  196  15:35  Marauder  
  162  15:36  Marine, Marauder  
  162  15:37  Marine  
  162  15:38  Marine x3, Marauder  
  162  15:40  Thor  
  156  15:43  Marine  
  156  15:46  Marine x4  
  156  15:47  Marauder  
  165  15:50  Command Center, Marauder  
  165  15:56  Marine, Marauder  
  168  15:58  Marauder  
Show
View Real Time Build Order
Export as new Build Order

Miszu Zerg 

Build Orders: Hatch First 

Get SALT Encoding   

  12  0:01  Drone  
  13  0:12  Overlord  
  13  0:17  Drone  
  14  0:30  Drone  
  14  0:31  Drone  
  14  0:35  Drone  
  17  0:45  Drone  
  18  0:58  Hatchery  
  18  1:02  Drone  
  18  1:07  Drone  
  18  1:11  Extractor  
  18  1:17  Spawning Pool  
  17  1:22  Drone  
  18  1:28  Drone  
  19  1:39  Overlord  
  19  2:03  Queen  
  21  2:09  Zergling x4  
  21  2:10  Queen  
  21  2:11  Zergling x2  
  21  2:14  Drone  
  27  2:16  Metabolic Boost  
  27  2:23  Drone  
  27  2:24  Drone  
  29  2:33  Drone x2  
  31  2:45  Drone x2  
  33  2:52  Queen  
  33  2:53  Pneumatized Carapace  
  33  2:55  Drone  
  33  2:57  Overlord  
  36  3:29  Drone x8  
  44  3:38  Overlord  
  44  3:39  Overlord  
  44  3:42  Hatchery  
  43  3:53  Drone  
  44  3:56  Lair  
  44  3:58  Extractor  
  44  3:59  Extractor  
  42  4:05  Drone x4  
  42  4:06  Drone x4  
  50  4:12  Extractor, Drone x2  
  51  4:19  Evolution Chamber  
  51  4:20  Evolution Chamber  
  51  4:23  Roach Warren  
  48  4:29  Drone x5  
  48  4:30  Drone  
  54  4:38  Drone x4  
  58  4:46  Zerg Missile Weapons Level 1  
  58  4:48  Zerg Melee Weapons Level 1  
  58  4:50  Drone x2  
  60  4:54  Infestation Pit  
  60  4:55  Drone  
  60  5:03  Drone x2  
  60  5:06  Drone x4  
  66  5:11  Overlord x2  
  66  5:29  Drone  
  66  5:30  Drone x6  
  66  5:32  Extractor  
  66  5:33  Extractor  
  66  5:34  Hatchery  
  66  5:35  Drone  
  71  5:37  Hive  
  71  5:39  Drone x2  
  71  5:41  Drone  
  71  5:42  Drone  
  75  5:43  Drone  
  75  5:44  Drone  
  77  5:54  Roach  
  77  5:55  Roach  
  77  5:56  Overlord x3  
  81  6:06  Overlord  
  81  6:08  Drone  
  82  6:14  Roach  
  82  6:15  Roach x8  
  82  6:17  Roach  
  102  6:23  Overseer  
  102  6:25  Roach x4  
  110  6:30  Roach  
  110  6:32  Ravager x2  
  114  6:36  Glial Reconstitution  
  114  6:38  Overlord x2  
  114  6:39  Overlord x2  
  114  6:51  Ultralisk Cavern  
  114  6:52  Pathogen Glands  
  113  6:54  Zerg Ground Armor Level 1  
  113  6:56  Zerg Melee Weapons Level 2  
  113  6:58  Roach  
  113  6:59  Roach x4  
  123  7:04  Zergling x10  
  128  7:11  Overlord x2  
  128  7:15  Ravager x4  
  132  7:16  Ravager  
  132  7:21  Extractor  
  132  7:22  Overlord x2  
  132  7:23  Baneling Nest, Overlord  
  132  7:24  Extractor  
  130  7:38  Drone x2  
  130  7:39  Drone x3  
  130  7:40  Drone  
  135  7:45  Chitinous Plating  
  135  7:47  Ultralisk  
  135  7:50  Ultralisk  
  147  7:56  Zergling x2  
  147  7:57  Zergling x18  
  147  7:58  Zergling x2  
  158  8:03  Queen  
  159  8:16  Ultralisk x2  
  171  8:24  Ultralisk  
  177  8:27  Zergling x8  
  181  8:34  Ultralisk  
  183  8:41  Drone x3  
  190  8:55  Ultralisk  
  190  9:12  Zergling x2  
  190  9:14  Overlord x3  
  187  9:33  Evolution Chamber x2  
  171  9:42  Ultralisk  
  171  9:43  Ultralisk x4  
  194  9:51  Centrifical Hooks  
  194  10:07  Infestor x2  
  198  10:15  Overseer  
  195  10:29  Zergling x8  
  172  10:53  Ultralisk x2  
  172  10:54  Ultralisk x2  
  172  10:59  Infestor x2  
  176  11:10  Zergling x26  
  189  11:13  Zerg Ground Armor Level 2  
  189  11:15  Hatchery  
  188  11:22  Zergling x6  
  188  11:23  Zergling x8  
  152  11:50  Extractor  
  144  11:54  Ultralisk x4  
  144  11:56  Zergling x16  
  144  11:58  Baneling x2  
  162  12:12  Ultralisk  
  168  12:17  Drone x3  
  168  12:33  Infestor x3  
  168  12:35  Baneling x3  
  168  12:36  Baneling x4  
  172  12:39  Zergling x4  
  172  12:45  Zergling x6  
  172  12:51  Zerg Melee Weapons Level 3  
  151  13:12  Infestor x3  
  155  13:29  Roach x2  
  155  13:30  Roach x11  
  158  14:03  Zergling x26  
  158  14:08  Ravager x4  
  158  14:09  Ravager x5  
  178  14:16  Extractor  
  178  14:17  Extractor, Drone x7  
  183  14:26  Drone x5  
  188  14:32  Queen  
  188  14:36  Baneling  
  188  14:37  Baneling  
  188  14:38  Baneling x2  
  190  14:39  Baneling  
  190  14:40  Baneling  
  190  14:53  Spine Crawler  
  190  14:54  Spore Crawler  
  190  14:57  Spire  
  187  15:01  Zergling x6  
  190  15:10  Overlord x2  
  124  15:44  Ultralisk x3  
  142  15:54  Hatchery  
Tags
 
Add a new tag
Caveats
  • Supply blocks, unpowered buildings, or Contaminate may cause inaccurate times.
  • Supply counts are checked every 10 seconds.